 Dungeon Crawl Stone Soup version 0.32-a0-41-gec2d92a32c (webtiles) character file.

Game seed: 3866230662932264185

1339 Dittersdorf the Shield-Bearer (level 8, -5/52 HPs)
             Began as a Gargoyle Fighter on Jan 25, 2024.
             Was an Initiate of Gozag.
             Slain by a two-headed ogre
             ... wielding a +0 giant club
              (8 damage)
             ... on level 5 of the Dungeon.
             The game lasted 00:06:00 (4875 turns).

Dittersdorf the Shield-Bearer (Gargoyle Fighter)    Turns: 4875, Time: 00:06:01

Health: -5/52      AC: 21    Str: 23    XL:     8   Next: 61%
Magic:  17/17      EV:  9    Int:  8    God:    Gozag
Gold:   393        SH:  5    Dex:  9    Spells: 7/7 levels left

rFire   . . .        d - +4 flail (protect)
rCold   . . .        c - +0 buckler
rNeg    + . .        b - +0 scale mail
rPois   ∞            (no helmet)
rElec   +            (no cloak)
rCorr   .            x - +0 pair of gloves
SInv    .            (no boots)
Will    .....        w - amulet of magic regeneration Stlth
                     o - ring of magical power
HPRegen 0.28/turn    (no ring)
MPRegen 0.55/turn

%: no passive effects
@: gold aura, under a protective aura
A: sickness immunity, AC +5, negative energy resistance 1, electricity
resistance, torment resistance 1, petrification resistance
a: Renounce Religion, Potion Petition, Call Merchant, Bribe Branch


You were on level 5 of the Dungeon.
You worshipped Gozag.
Gozag was aware of your devotion.
You visited 2 branches of the dungeon, and saw 7 of its levels.

You collected 454 gold pieces.
You paid 61 gold pieces to Gozag.

Inventory:

Hand Weapons
 a - a +0 flail
 d - a +4 flail of protection (weapon)
Armour
 b - a +0 scale mail (worn)
 c - a +0 buckler (worn)
 x - a +0 pair of gloves (worn)
Jewellery
 o - a ring of magical power (left hand)
 w - an amulet of magic regeneration (around neck)
Wands
 m - a wand of polymorph (7) (quivered)
Scrolls
 e - a scroll of silence {unknown}
 f - 2 scrolls of enchant weapon {unknown}
 g - a scroll of torment {unknown}
 j - a scroll of enchant armour {unknown}
 k - 2 scrolls of fog {unknown}
 p - 4 scrolls of identify {unknown}
 q - 2 scrolls of vulnerability {unknown}
 t - a scroll of blinking {unknown}
 u - a scroll of poison {unknown}
 v - 3 scrolls of teleportation {unknown}
 y - a scroll of revelation {unknown}
Potions
 h - a potion of mutation {unknown}
 i - 2 potions of lignification {unknown}
 l - 4 potions of heal wounds {unknown}
 n - 6 potions of curing {unknown}
 r - a potion of attraction {unknown}


   Skills:
 + Level 6.4 Fighting
 + Level 5.4 Maces & Flails
 + Level 6.4 Armour
 + Level 6.5 Shields


You had 7 spell levels left.
You didn't know any spells.
Your spell library contained the following spells:

 Spells                   Type           Power      Damage    Failure   Level
 Apportation              Tloc           0%         N/A       77%         1
 Jinxbite                 Hex            0%         N/A       88%         2
 Alistair's Intoxication  Alch           0%         N/A       100%        5
 Sculpt Simulacrum        Ice/Alch       0%         N/A       100%        6
 Ozocubu's Refrigeration  Ice            0%         4d7       100%        7
 Polar Vortex             Ice            0%         N/A       100%        9


Dungeon Overview and Level Annotations

Branches:
Dungeon (6/15)             Temple (1/1) D:4

Altars:
Cheibriados
Dithmenos
Elyvilon
Fedhas
Gozag
Kikubaaqudgha
Makhleb
Qazlal
Trog
Vehumet
Xom
Yredelemnul
Zin

Shops:
D:3 :   D:5 :


Innate Abilities, Weirdness & Mutations

You are immune to sickness and miasma.
Your stone body is resilient. (AC +5)
You are immune to poison.
You resist negative energy. (rN+)
You are resistant to electric shocks. (rElec)
You are resistant to unholy torment.
You are immune to petrification.


Message History

Okay, then.
Aiming: Iceblast
Press: ? - help, Q - select action, (/) - cycle Shift-Dir - straight line The mass of ice explodes!
The iceblast engulfs the two-headed ogre!
The two-headed ogre is lightly wounded.
The now-empty wand crumbles to dust.
You barely miss the white imp.
The white imp hits you but does no damage.
You sock the white imp!
Your weapon exudes an aura of protection.
You kill the white imp!
The adder is distracted by your dazzling golden aura.
The orc is distracted by your dazzling golden aura.
The adder is no longer distracted by gold.
The orc shouts!
You hit the two-headed ogre but do no damage.
Your weapon exudes an aura of protection.
The two-headed ogre is lightly wounded.
The two-headed ogre hits you with a +0 giant club!
* * * LOW HITPOINT WARNING * * *
The two-headed ogre hits you with a +0 giant club!
* * * LOW HITPOINT WARNING * * *
You sock the two-headed ogre!
The two-headed ogre is moderately wounded.
The orc is no longer distracted by gold.
The two-headed ogre misses you.
The two-headed ogre hits you but does no damage.
You thump the two-headed ogre!
The two-headed ogre is heavily wounded.
The two-headed ogre hits you but does no damage.
The two-headed ogre barely misses you.
You hit the two-headed ogre.
The two-headed ogre is severely wounded.
You sock the two-headed ogre!
The two-headed ogre is almost dead.
The two-headed ogre barely misses you.
The two-headed ogre hits you with a +0 giant club!
You die...
Your body crumbles into a pile of gold.

#### # ...# ##### # ##.### #...#
# ##...# #...# ###### #
...#.######...############....###
>[........'..oSO@...........#....
.....######..[###########..####..
...#......................##.####
...#.######################.#.###
...#.# ##.#.#.## ####.#
##.#.#.#.# #.# ##########
##.#.###.#. #.# #....<...#
##.#.##.##.# #.# #.##.....#
##.#.##.#.##.


You could see a two-headed ogre, an adder and an orc.

Vanquished Creatures
  Sigmund (D:2)
  Edmund (D:5)
  Duvessa (D:4)
  A water moccasin (D:5)
  A phantom (D:5)
  Blork the orc (D:5)
  2 scorpions (D:5)
  Dowan (D:4)
  A bombardier beetle (D:5)
  2 hounds
  A jelly (D:4)
  Jessica (D:2)
  4 iguanas (D:5)
  An orc wizard (D:5)
  Ijyb (D:3)
  4 gnolls (D:4)
  10 adders
  3 white imps (D:5)
  2 ufetubi (D:6)
  6 dart slugs
  2 ribbon worms
  7 orcs
  6 ball pythons
  2 bats (D:3)
  6 endoplasms
  8 goblins
  7 hobgoblins
  9 jackals
  4 quokkas
  2 frilled lizards
  5 kobolds
  3 rats
106 creatures vanquished.

Notes
Turn   | Place    | Note
-------+----------+-------------------------------------------
     0 | D:1      | Dittersdorf the Gargoyle Fighter began the quest for the
                  | Orb.
     0 | D:1      | Reached XP level 1. HP: 14/14 MP: 1/1
   126 | D:1      | Reached XP level 2. HP: 19/19 MP: 2/2
   445 | D:2      | Noticed Jessica
   474 | D:2      | Killed Jessica
   475 | D:2      | Reached XP level 3. HP: 21/24 MP: 3/3
   510 | D:2      | Reached XP level 4. HP: 29/29 MP: 4/4
   852 | D:2      | Noticed Sigmund
   927 | D:2      | Killed Sigmund
   928 | D:2      | Reached XP level 5. HP: 18/34 MP: 5/5
   928 | D:2      | Reached XP level 6. HP: 21/39 MP: 6/6
  1566 | D:3      | Found Piuko's Vocational Training.
  1825 | D:3      | Found a faded altar of an unknown god.
  1886 | D:3      | Noticed Ijyb
  1900 | D:3      | Killed Ijyb
  2064 | D:3      | Found a burning altar of Makhleb.
  2486 | D:4      | Found a staircase to the Ecumenical Temple.
  2501 | D:4      | Reached skill level 5 in Shields
  2507 | Temple   | Entered the Ecumenical Temple
  2527 | Temple   | Became a worshipper of Gozag Ym Sagoz the Greedy
  2667 | D:4      | Reached skill level 5 in Fighting
  2667 | D:4      | Reached skill level 5 in Armour
  2953 | D:4      | Noticed Duvessa
  2953 | D:4      | Noticed Dowan
  3004 | D:4      | Killed Duvessa
  3005 | D:4      | Reached XP level 7. HP: 44/44 MP: 7/7
  3008 | D:4      | Killed Dowan
  3154 | D:4      | Found a radiant altar of Vehumet.
  3510 | D:5      | Entered Level 5 of the Dungeon
  3513 | D:5      | Noticed Blork the orc
  3686 | D:5      | Killed Blork the orc
  3908 | D:5      | Found Secvuxod's Book Emporium.
  3959 | D:5      | Reached XP level 8. HP: 51/51 MP: 8/8
  4240 | D:5      | Reached skill level 5 in Maces & Flails
  4672 | D:6      | Noticed Edmund
  4672 | D:6      | Noticed a two-headed ogre
  4702 | D:5      | Killed Edmund
  4871 | D:5      | HP: 2/52 [two-headed ogre/+0 giant club (13)]
  4875 | D:5      | Slain by a two-headed ogre

Illustrated notes

Levels and vault maps discovered:
D:1:      minmay_arrival_solitary_statue, layout_rooms
D:2:      layout_basic, uniq_sigmund, uniq_jessica
D:3:      layout_loops_ring, mainiacjoe_overflow_alcove_1,
          shapermc_ecumenical_altar_mp_ritualfount, roderic_serpentine_path,
          nicolae_shop_vocational, uniq_ijyb
D:4:      layout_loops_corners, nicolae_vehumet_radiance,
          minmay_temple_entry_hall, dreamdust_wishing_well, uniq_duvessa
D:5:      minmay_inner_zag, layout_basic, serial_shops, shop,
          grunt_decor_junction, item_on_display_a, uniq_blork_the_orc
D:6:      layout_rooms, lemuel_round_altar, nemelex_xobeh_ov_fountains_minmay,
          mainiacjoe_overflow_24_doors, uniq_edmund
Temple:   hellmonk_temple_of_storms

Skill      XL: |  1  2  3  4  5  6  7  8 |
---------------+-------------------------+-----
Armour         | 4 5 6 |  6.4
Shields        | 4 5 6 |  6.5
Fighting       | 4 5 6 |  6.4
Maces & Flails | 3 4 5 |  5.4

Action                     |  1- 3 |  4- 6 |  7- 9 || total
---------------------------+-------+-------+-------++-------
  Melee: Flail             |    50 |   238 |   207 ||   495
         Unarmed           |       |     3 |     1 ||     4
  Evoke: Wand              |       |    12 |     5 ||    17
    Use: Potion            |       |       |     1 ||     1
   Stab: Distracted        |       |       |     2 ||     2
 Armour: Scale mail        |    39 |   182 |   199 ||   420
         Skin              |       |     2 |       ||     2
  Dodge: Dodged            |    27 |   117 |   101 ||   245
  Block: Buckler           |    14 |    52 |    60 ||   126

Table legend: (Time is in decaauts)
 A = Elapsed time spent in this place.
 B = Non-inter-level travel time spent in this place.
 C = Inter-level travel time spent in this place.
 D = Time resting spent in this place.
 E = Time spent auto-exploring this place.
 F = Levels seen in this place.
 G = Mean time per level.
                   A        B        C        D        E       F      G
               +--------+--------+--------+--------+--------+-----+--------+
         Total |   4995 |   4683 |    312 |    468 |   3128 |   7 |  713.6 |
       Dungeon |   4955 |   4681 |    274 |    468 |   3128 |   6 |  825.8 |
        Temple |     40 |      2 |     38 |      0 |      0 |   1 |   40.0 |
               +--------+--------+--------+--------+--------+-----+--------+

Top non-repeatable levels by time:
     D:4: 1308 daAuts
     D:5: 1215 daAuts
     D:3: 969 daAuts
     D:2: 933 daAuts
     D:1: 493 daAuts
  Temple: 40 daAuts
     D:6: 35 daAuts
